[Event "Team 45 45 League T49"]
[Site "Internet Chess Club"]
[Date "2011.06.11"]
[Round "4"]
[White "gaibo4ever"]
[Black "Extremophile"]
[Result "0-1"]
[WhiteElo "2095"]
[BlackElo "2167"]
[Opening "Caro-Kann: Tartakower (fantasy) variation"]
[ECO "B12"]
[Time "10:00:56"]
[TimeControl "2700+45"]

1. e4 c6 2. d4 d5 3. f3 Na6 4. c4 dxe4 5. fxe4 e5 6. Nf3 Bg4 7. Be3 Nf6 8. Nc3
Qa5 9. Bd3 exd4 10. Bxd4 O-O-O 11. Bxf6 gxf6 12. Qe2 Nc5 13. O-O-O Ne6 14. Qc2
Nd4 15. Qf2 Bc5 16. Qh4 Be6 17. Qxf6 Rhg8 18. Ng5 Ba3 19. Nxe6 Qxc3+ {White
resigns} 0-1

[Event "Team 45 45 League T49"]
[Site "Internet Chess Club"]
[Date "2011.06.05"]
[Round "4"]
[White "nb"]
[Black "screamingeagle"]
[Result "0-1"]
[WhiteElo "2084"]
[BlackElo "1993"]
[Opening "Dutch: Leningrad, main variation"]
[ECO "A87"]
[Time "09:33:22"]
[TimeControl "2700+45"]

1. d4 f5 2. g3 Nf6 3. Bg2 g6 4. Nf3 Bg7 5. c4 d6 6. O-O O-O 7. Nc3 e6 8. Qc2 Qe7
9. b3 Nc6 10. Bb2 e5 11. Nd5 Nxd5 12. cxd5 Nb4 13. Qc4 a5 14. dxe5 b5 15. Qxb5
Ba6 16. Qa4 Rfb8 17. Rac1 dxe5 18. Qxa5 Bc4 19. d6 cxd6 20. Qxa8 Rxa8 21. Rxc4
d5 22. Rcc1 e4 23. Nd4 Nxa2 24. Ra1 Qb4 25. Rfd1 Bxd4 26. Bxd4 Ra5 27. Bf1 Nc3
28. Bxc3 Qxc3 29. Rxa5 Qxa5 30. e3 Kf7 31. Rxd5 Qxd5 32. Bc4 Ke6 33. g4 fxg4 34.
Bxd5+ Kxd5 35. Kg2 h5 36. h3 gxh3+ 37. Kxh3 Kc5 38. f3 exf3 39. Kg3 g5 40. Kxf3
Kb4 41. e4 Kc5 42. Ke3 h4 43. Kf3 h3 44. Kg3 g4 45. Kh2 Kd4 46. b4 Kxe4 47. b5
Kd5 {White resigns} 0-1

[Event "Team 45 45 League T49"]
[Site "Internet Chess Club"]
[Date "2011.06.07"]
[Round "4"]
[White "Uragon-bocho"]
[Black "ThuG"]
[Result "1-0"]
[WhiteElo "1983"]
[BlackElo "2113"]
[Opening "KP: Nimzovich defense"]
[ECO "B00"]
[Time "15:00:09"]
[TimeControl "2700+45"]

1. e4 Nc6 2. Nf3 d6 3. Bb5 Nf6 4. Nc3 a6 5. Be2 Bg4 6. d4 g6 7. h3 Bxf3 8. Bxf3
Bg7 9. Be3 O-O 10. Qd2 e5 11. d5 Nd4 12. O-O-O c5 13. dxc6 bxc6 14. Bxd4 exd4
15. Na4 Rb8 16. h4 c5 17. h5 Rb4 18. b3 Qa5 19. hxg6 hxg6 20. Rh3 Rfb8 21. a3
Rxa4 22. bxa4 Qxa4 23. Re1 Qxa3+ 24. Kd1 Rb2 25. Ke2 Qa2 26. Rc1 Nd7 27. Kf1 Ne5
28. Be2 a5 29. f4 Nc6 30. f5 Nb4 31. fxg6 fxg6 32. Qg5 Nxc2 33. Qd8+ Bf8 34. Rf3
Ne3+ 35. Kg1 Rb7 36. Rxf8+ {Black resigns} 1-0

[Event "Team 45 45 League T49"]
[Site "Internet Chess Club"]
[Date "2011.06.06"]
[Round "4"]
[White "parmupill"]
[Black "lacibacsi"]
[Result "1-0"]
[WhiteElo "2173"]
[BlackElo "2037"]
[Opening "Caro-Kann: Tartakower (fantasy) variation"]
[ECO "B12"]
[Time "16:00:12"]
[TimeControl "2700+45"]

1. e4 c6 2. d4 d5 3. f3 g6 4. Nc3 Bg7 5. Nge2 dxe4 6. fxe4 e5 7. Be3 Nf6 8. h3
Nbd7 9. dxe5 Nxe5 10. Qxd8+ Kxd8 11. O-O-O+ Ke8 12. Nd4 Nh5 13. Bf2 Nf4 14. Bg3
Ne6 15. Nf3 Nxf3 16. gxf3 Bh6+ 17. Kb1 Bf4 18. Bh4 g5 19. Bf2 Be5 20. h4 h6 21.
Ne2 Nf4 22. Nxf4 Bxf4 23. Bd4 Rg8 24. Bf6 Be6 25. hxg5 Bxg5 26. Be5 f6 27. Bd6
Rd8 28. Be2 Be3 29. Rd3 Bc4 30. Rxe3 Bxe2 31. Rxe2 Rxd6 32. b3 Rg3 33. Rxh6 Rxf3
34. e5 Re6 35. Rh8+ Kd7 36. Rd2+ Kc7 37. Rh7+ Kb6 38. exf6 Rfxf6 39. Rdd7 a5 40.
Rxb7+ Kc5 41. Rh5+ Kd6 42. Rxa5 Rf2 43. Ra4 Re1+ 44. Kb2 Rff1 45. Rc4 Rb1+ 46.
Ka3 Rf6 47. Kb4 Re1 48. a4 Re5 49. Ka3 Rf2 50. Rb6 Rc5 51. Rxc5 Kxc5 52. a5 Rxc2
53. b4+ Kd6 54. a6 Kc7 55. a7 Kxb6 56. a8=Q c5 57. Qd8+ Kb5 58. Qd3+ Rc4 59. Kb3
{Black resigns} 1-0

[Event "Team 45 45 League T49"]
[Site "Internet Chess Club"]
[Date "2011.06.04"]
[Round "4"]
[White "mers37"]
[Black "Tulihobu"]
[Result "1/2-1/2"]
[WhiteElo "1916"]
[BlackElo "2117"]
[Opening "English opening"]
[ECO "A05"]
[Time "10:01:03"]
[TimeControl "2700+45"]

1. Nf3 Nf6 2. c4 g6 3. g3 Bg7 4. Bg2 O-O 5. O-O d6 6. Nc3 e5 7. d3 Re8 8. Nd2 a5
9. Rb1 c6 10. a3 d5 11. b4 axb4 12. axb4 Be6 13. b5 Nbd7 14. Qc2 h6 15. bxc6
bxc6 16. Bb2 Qc7 17. Ra1 d4 18. Nb5 Qb6 19. Nd6 Reb8 20. Rxa8 Rxa8 21. Rb1 Ra7
22. Nc8 Qc7 23. Nxa7 Qxa7 24. Bxc6 Nc5 25. Bg2 Nfd7 26. Ra1 Qc7 27. Ra8+ Kh7 28.
Nb3 Nb6 29. Nxc5 Qxc5 30. Ba3 Qc7 31. Ra5 h5 32. Rb5 h4 33. Qb3 Nd7 34. Qa4 Qd8
35. Bd5 Bg4 36. Rb7 Qg5 37. Qc2 e4 38. dxe4 hxg3 39. hxg3 Qh5 40. f4 Nf6 41. Rb2
Qh3 42. Qd3 Bh5 43. Bb4 Ng4 44. e3 Qxg3+ 45. Rg2 Qh3 46. e5 dxe3 47. Bc5 Qh4 48.
Qc3 Qh3 49. Qe1 Bh6 50. Qf1 Nf2 51. Bxe3 Qxe3 52. Qxf2 Qc1+ 53. Qf1 Qe3+ {Game
drawn by mutual agreement} 1/2-1/2

[Event "Team 45 45 League T49"]
[Site "Internet Chess Club"]
[Date "2011.06.06"]
[Round "4"]
[White "jefferyx"]
[Black "SimplyClaudia"]
[Result "1-0"]
[WhiteElo "2006"]
[BlackElo "1743"]
[Opening "French: Tarrasch, closed variation"]
[ECO "C05"]
[Time "19:30:34"]
[TimeControl "2700+45"]

1. e4 e6 2. d4 d5 3. Nd2 Nf6 4. e5 Nfd7 5. Bd3 c5 6. c3 Nc6 7. Ne2 Qb6 8. Nf3
Be7 9. O-O cxd4 10. cxd4 O-O 11. Nf4 Re8 12. a3 Nf8 13. Nh5 Bd7 14. Qd2 Na5 15.
Nxg7 Nb3 16. Qh6 Nxc1 17. Nh5 Ng6 18. Qg7# {Black checkmated} 1-0

[Event "Team 45 45 League T49"]
[Site "Internet Chess Club"]
[Date "2011.06.02"]
[Round "4"]
[White "rdmuhcu"]
[Black "KingDestroyer"]
[Result "1-0"]
[WhiteElo "2235"]
[BlackElo "2290"]
[Opening "Trompowsky attack (Ruth, Opocenský opening)"]
[ECO "A45"]
[Time "14:01:20"]
[TimeControl "2700+45"]

1. d4 Nf6 2. Bg5 e6 3. e4 c5 4. e5 h6 5. Bc1 Nh7 6. d5 d6 7. Nc3 exd5 8. Qxd5
Nc6 9. Bb5 Qc7 10. exd6 Bxd6 11. Ne4 Be7 12. Bxc6+ bxc6 13. Qd3 O-O 14. Ne2 Nf6
15. O-O Re8 16. Re1 Be6 17. Bf4 Qb6 18. Be5 Nxe4 19. Qxe4 Qb4 20. Qxc6 Rac8 21.
Qf3 Bg4 22. Qd3 Rcd8 23. Qg3 Bf8 24. a3 Qc4 25. Nc3 Bf5 26. Rac1 Bg6 27. f4 Qa6
28. Qf3 Bf5 29. Nd5 c4 30. Nc7 Qb6+ 31. Kh1 Rxe5 32. fxe5 Bg6 33. Nd5 Qxb2 34.
a4 Re8 35. Nf4 Bf5 36. Qd5 Qb6 37. Qxc4 Rc8 38. Qd5 Qf2 39. Nd3 Qb6 40. Rb1 Qa6
41. Rb7 Be6 42. Qb5 Qxb5 43. axb5 Rxc2 44. Rxa7 Bc4 45. Rc7 Bxd3 46. Rxc2 Bxc2
47. b6 Bb4 48. b7 Bxe1 49. b8=Q+ Kh7 50. Qc8 Bg6 51. e6 fxe6 52. Qxe6 Bc3 53. g3
Bd4 54. Kg2 Bf6 55. g4 h5 56. h4 hxg4 57. Qxg4 Kh6 58. Qf4+ Kh7 59. Kg3 Bf7 60.
Qe3 Bg6 61. Kg4 Bf7 62. h5 Kg8 63. Qe4 Kf8 64. Qa8+ Ke7 65. Qb7+ Ke6 66. Qe4+
Kd7 67. Qa4+ Ke6 68. Qa7 Be8 69. Qb6+ Ke7 70. Qb4+ Ke6 71. Qc4+ Ke7 72. Qc5+ Ke6
73. Qe3+ Kf7 74. Qd3 Ke6 75. Qf5+ Kf7 76. Kf4 Ke7 77. Qc5+ Ke6 78. Qb6+ Ke7 79.
Qb4+ Ke6 80. Qc4+ Ke7 81. Qc7+ Ke6 82. Qc8+ Ke7 83. Qb7+ Ke6 84. Qb3+ Ke7 85.
Qa3+ Ke6 86. Qb3+ Ke7 87. Qe3+ Kf7 88. Qd3 Ke6 89. Qe4+ Kf7 90. Qh7 Ke6 91. h6
gxh6 92. Qxh6 Kf7 93. Qh7+ Ke6 94. Qe4+ Kf7 95. Qb7+ Ke6 96. Qc8+ Ke7 97. Qc7+
Ke6 98. Ke4 Bg6+ 99. Kf4 Be8 100. Qc4+ Ke7 101. Qe4+ Kf7 102. Qd5+ Ke7 103. Qc5+
Ke6 104. Qb6+ Ke7 105. Ke4 Bg6+ 106. Kd5 Bf7+ 107. Kc5 Be6 108. Qc7+ Kf8 109.
Qh7 Be7+ 110. Kc6 Bf6 111. Kd6 Bf7 112. Kd7 Bg7 113. Qh4 Be8+ 114. Kd6 Bg6 115.
Qg4 Bh7 116. Qc8+ Kf7 117. Qe6+ Kf8 118. Qe7+ Kg8 119. Qe8+ Bf8+ 120. Ke6 {Black
resigns} 1-0

[Event "Team 45 45 League T49"]
[Site "Internet Chess Club"]
[Date "2011.06.04"]
[Round "4"]
[White "TheChessKid"]
[Black "vnchess"]
[Result "1-0"]
[WhiteElo "2180"]
[BlackElo "2139"]
[Opening "Sicilian: Hungarian variation"]
[ECO "B27"]
[Time "17:00:23"]
[TimeControl "2700+45"]

1. e4 c5 2. Nf3 g6 3. d4 cxd4 4. Qxd4 Nf6 5. Nc3 Nc6 6. Qa4 d6 7. e5 dxe5 8.
Nxe5 Bd7 9. Nxd7 Qxd7 10. Be3 Bg7 11. Rd1 Qg4 12. Rd4 Qc8 13. Bb5 a6 14. Bxc6+
Qxc6 15. Qxc6+ bxc6 16. Rc4 Nd5 17. Rxc6 Nxe3 18. fxe3 Kd7 19. Rc5 Rhb8 20. b3
Rc8 21. Na4 Rxc5 22. Nxc5+ Kc6 23. Na4 Rd8 24. Ke2 Bh6 25. c4 Rd6 26. Nc3 Re6
27. Nd5 a5 28. Kd3 f5 29. Re1 Rd6 30. Kc2 Re6 31. a3 Kc5 32. Kd3 Rd6 33. b4+ Kc6
34. Kc2 axb4 35. axb4 Rd7 36. Ra1 Kb7 37. b5 e6 38. Nf4 Bxf4 39. exf4 Rd4 40.
Kc3 Rxf4 41. Re1 Rh4 42. h3 f4 43. Rxe6 f3 44. gxf3 Rxh3 45. Rf6 g5 46. Kb4 Rh4
47. Kc3 h5 48. c5 Ra4 49. Rf7+ Kc8 50. c6 h4 51. b6 Rf4 52. Ra7 Rxf3+ 53. Kd4
{Black resigns} 1-0

[Event "Team 45 45 League T49"]
[Site "Internet Chess Club"]
[Date "2011.06.06"]
[Round "4"]
[White "Epcot"]
[Black "brgdgaf"]
[Result "0-1"]
[WhiteElo "1851"]
[BlackElo "2242"]
[Opening "Sicilian: Nimzovich-Rossolimo attack (with ...g6, without ...d6)"]
[ECO "B31"]
[Time "12:02:02"]
[TimeControl "2700+45"]

1. e4 c5 2. Nf3 Nc6 3. Bb5 g6 4. Bxc6 dxc6 5. d3 Bg7 6. h3 Nf6 7. Nc3 O-O 8. Be3
Qa5 9. O-O Nd7 10. Qd2 Ne5 11. Nh2 Rd8 12. Qe1 b6 13. f4 Nd7 14. Bd2 c4 15. Kh1
cxd3 16. Nd5 Qc5 17. Bb4 Qxc2 18. Nxe7+ Kh8 19. Rf2 Qc4 20. b3 Qe6 21. f5 gxf5
22. exf5 Qxe1+ 23. Rxe1 Bb7 24. f6 Nxf6 25. Nf5 Nd5 26. Nxg7 Nxb4 27. Rxf7 Ba6
28. Nh5 Rf8 29. Rd7 Rad8 30. Ree7 Rxd7 31. Rxd7 Bc8 32. Rd6 Be6 33. Nf3 Bd5 34.
Nd2 Nxa2 35. Nf6 Nc3 36. Kg1 Kg7 37. Nxd5 cxd5 38. Rd7+ Kg6 39. Rxa7 Ne4 40. Rd7
Nxd2 41. Rxd5 Rf1+ 42. Kh2 Rd1 {White resigns} 0-1

[Event "Team 45 45 League T49"]
[Site "Internet Chess Club"]
[Date "2011.06.05"]
[Round "4"]
[White "chiiwen"]
[Black "AugustoCaruso"]
[Result "1-0"]
[WhiteElo "2162"]
[BlackElo "2163"]
[Opening "Ruy Lopez: Schliemann defense, Berger variation"]
[ECO "C63"]
[Time "15:03:15"]
[TimeControl "2700+45"]

1. e4 e5 2. Nf3 Nc6 3. Bb5 f5 4. Nc3 fxe4 5. Nxe4 Nf6 6. Qe2 d5 7. Nxf6+ gxf6 8.
d4 Bg7 9. dxe5 O-O 10. e6 Ne5 11. O-O c6 12. Bd3 Bxe6 13. Nd4 Bg4 14. f3 Nxd3
15. Qxd3 Bd7 16. Bf4 Qb6 17. Kh1 f5 18. c3 Rae8 19. Qd2 Rf7 20. Rfe1 Rfe7 21.
Rxe7 Rxe7 22. Rd1 Bxd4 23. cxd4 Qb5 24. Be5 Be8 25. Qg5+ Kf8 26. Bd6 Qe2 27.
Qxe7+ Qxe7 28. Bxe7+ Kxe7 29. Kg1 Kd6 30. Kf2 b6 31. Ke3 c5 32. Kf4 Bd7 33. g4
fxg4 34. fxg4 cxd4 35. Rxd4 Kc5 36. Ke5 Bc6 37. h4 {Black resigns} 1-0

[Event "Team 45 45 League T49"]
[Site "Internet Chess Club"]
[Date "2011.06.05"]
[Round "4"]
[White "cacheboy"]
[Black "DreamCatcher13"]
[Result "1-0"]
[WhiteElo "2439"]
[BlackElo "1900"]
[Opening "Petrov: Nimzovich attack"]
[ECO "C42"]
[Time "10:13:12"]
[TimeControl "2700+45"]

1. e4 e5 2. Nf3 Nf6 3. Nxe5 d6 4. Nf3 Nxe4 5. Nc3 Nxc3 6. dxc3 Be7 7. Be3 O-O 8.
Qd2 Nc6 9. O-O-O Ne5 10. Be2 Ng4 11. Bd4 c5 12. h3 cxd4 13. hxg4 dxc3 14. Qxc3
Bxg4 15. Qd3 g6 16. Nd4 Bxe2 17. Nxe2 Qa5 18. Kb1 Qe5 19. f4 Qg7 20. g4 f5 21.
gxf5 Rxf5 22. Nd4 Rf7 23. Ne6 Qh8 24. f5 Rxf5 25. Qb3 Rf7 26. Rdf1 Bf6 27. Rh2
Be5 28. Ng5 {Black resigns} 1-0

[Event "Team 45 45 League T49"]
[Site "Internet Chess Club"]
[Date "2011.06.05"]
[Round "4"]
[White "Deckfuel"]
[Black "Atlantis"]
[Result "1-0"]
[WhiteElo "1868"]
[BlackElo "1871"]
[Opening "Sicilian: closed"]
[ECO "B23"]
[Time "14:14:15"]
[TimeControl "2700+45"]

1. e4 c5 2. Nc3 e6 3. f4 d5 4. Bb5+ Bd7 5. a4 dxe4 6. Nxe4 Nf6 7. Nxf6+ Qxf6 8.
Nf3 a6 9. Bxd7+ Nxd7 10. O-O Bd6 11. d3 O-O 12. Kh1 Qe7 13. a5 Nf6 14. Ne5 Nd7
15. Nc4 Bc7 16. Qf3 Rab8 17. Bd2 b5 18. axb6 Nxb6 19. Nxb6 Rxb6 20. b3 e5 21.
Rae1 Re6 22. f5 Rb6 23. Ba5 Rh6 24. Bxc7 Qxc7 25. Re4 f6 26. h3 Qa5 27. Ra4 Qc3
28. Rc4 Qa5 29. Qd5+ Kh8 30. Rxc5 Qd2 31. Qd6 Rg8 32. Qd5 Qe2 33. Qf3 Qxf3 34.
Rxf3 Rh4 35. g4 g6 36. fxg6 Rxg6 37. Rc4 Kg7 38. Kh2 Kf7 39. Kg3 Rhh6 40. Rc7+
Ke8 41. Ra7 f5 42. Rxf5 Re6 43. Rff7 e4 44. dxe4 Rxe4 45. Rxh7 Rxh7 46. Rxh7
Re3+ 47. Kf4 Rc3 48. h4 Rxc2 49. h5 Rb2 50. Ra7 Rxb3 51. Rxa6 Kf7 52. Kg5 Kg7
53. h6+ Kh7 54. Ra7+ Kh8 55. Kh5 Rh3+ 56. Kg6 {Black resigns} 1-0

[Event "Team 45 45 League T49"]
[Site "Internet Chess Club"]
[Date "2011.06.03"]
[Round "4"]
[White "LazyPeon"]
[Black "rayngrant"]
[Result "1-0"]
[WhiteElo "1692"]
[BlackElo "1592"]
[Opening "Grünfeld: exchange, Spassky variation"]
[ECO "D87"]
[Time "16:07:24"]
[TimeControl "2700+45"]

1. d4 Nf6 2. c4 g6 3. Nc3 d5 4. cxd5 Nxd5 5. e4 Nxc3 6. bxc3 Bg7 7. Bc4 O-O 8.
Ne2 c5 9. O-O Nc6 10. Be3 Qa5 11. Rc1 cxd4 12. cxd4 Rd8 13. Qb3 e6 14. Rfd1 Qb4
15. Qxb4 Nxb4 16. Bb3 Bd7 17. Rc7 Bc6 18. Bg5 Rdc8 19. Rxc8+ Rxc8 20. a3 Na6 21.
f3 Bb5 22. Nf4 Rc3 23. a4 Rxb3 24. axb5 Rxb5 25. d5 exd5 26. exd5 Nb8 27. Rc1
Bd4+ 28. Kf1 Rc5 29. Re1 Kg7 30. Re7 b5 31. Ne6+ {Black resigns} 1-0

[Event "Team 45 45 League T49"]
[Site "Internet Chess Club"]
[Date "2011.06.02"]
[Round "4"]
[White "Constrictor"]
[Black "ticopatzer"]
[Result "1/2-1/2"]
[WhiteElo "1608"]
[BlackElo "1657"]
[Opening "Réti: Nimzovich-Larsen attack"]
[ECO "A06"]
[Time "20:00:34"]
[TimeControl "2700+45"]

1. Nf3 d5 2. b3 c5 3. e3 Nc6 4. Bb5 Bd7 5. Bb2 Nf6 6. O-O a6 7. Bxc6 Bxc6 8. d3
e6 9. Nbd2 Bd6 10. Ne5 O-O 11. f4 Nd7 12. Ndf3 f6 13. Nxc6 bxc6 14. Nd2 Re8 15.
e4 e5 16. fxe5 Nxe5 17. Rf5 Qb6 18. Qe2 a5 19. Raf1 a4 20. Bxe5 Bxe5 21. Qg4
axb3 22. axb3 c4+ 23. Kh1 cxd3 24. cxd3 Qe3 25. Nf3 Bc3 26. Nh4 dxe4 27. Rh5
Qxd3 28. Rd1 Ra1 29. Rxa1 Bxa1 30. h3 Qf1+ 31. Kh2 Be5+ 32. Rxe5 Rxe5 33. Qc8+
Kf7 34. Qd7+ Re7 35. Qxc6 Qf4+ 36. g3 Qf2+ 37. Kh1 e3 38. Qd5+ Ke8 39. Nf5 e2
40. Qc6+ Kf7 41. Qd5+ Kg6 42. Nxe7+ Kh6 43. Nf5+ Kg6 44. Ne7+ Kh6 45. Nf5+ Kg6
46. Ne7+ {Game drawn by repetition} 1/2-1/2

[Event "Team 45 45 League T49"]
[Site "Internet Chess Club"]
[Date "2011.06.03"]
[Round "4"]
[White "beitmery"]
[Black "Egmont"]
[Result "1/2-1/2"]
[WhiteElo "1627"]
[BlackElo "1628"]
[Opening "QGD Slav: exchange variation"]
[ECO "D13"]
[Time "08:00:29"]
[TimeControl "2700+45"]

1. d4 d5 2. c4 c6 3. Nf3 Nf6 4. cxd5 cxd5 5. Qb3 Nc6 6. Nc3 e6 7. Bf4 a6 8. e3
Bd6 9. Bxd6 Qxd6 10. Bd3 O-O 11. O-O b5 12. Rac1 Na5 13. Qc2 Bb7 14. b3 Nc6 15.
Qb2 Rfc8 16. Bb1 Rc7 17. Ne1 Ng4 18. g3 e5 19. h3 Nf6 20. dxe5 Nxe5 21. Ne2 Rxc1
22. Qxc1 Qe6 23. Kh2 Bc8 24. Nf4 Qd7 25. h4 Qg4 26. Qb2 Nf3+ 27. Kg2 Nxh4+ 28.
Kg1 Ne4 29. Neg2 Nf3+ 30. Kh1 g5 31. Bxe4 dxe4 32. Rd1 Bf5 33. Qf6 gxf4 34. Nxf4
Qg5 35. Qxg5+ Nxg5 36. Rd5 Nh3 37. Rxf5 Nxf2+ 38. Kg1 Nd1 39. Nd5 Rd8 40. Re5
Kg7 41. Nc7 Nxe3 42. Rxe4 Nd1 43. Nxa6 Nc3 44. Rg4+ Kf6 45. a3 Rd2 46. Rf4+ Ke6
47. Rf2 Rd1+ 48. Rf1 Ne2+ 49. Kf2 Rxf1+ 50. Kxf1 Nxg3+ 51. Kf2 Ne4+ 52. Kf3 Nd2+
53. Kg4 Nxb3 54. Nc7+ Ke5 55. Nxb5 f5+ 56. Kf3 Nd4+ 57. Nxd4 Kxd4 58. Kf4 h5 59.
Kxf5 h4 60. Kg4 Kc4 {Game drawn by mutual agreement} 1/2-1/2

[Event "Team 45 45 League T49"]
[Site "Internet Chess Club"]
[Date "2011.06.04"]
[Round "4"]
[White "LTWilly"]
[Black "rookmaster23"]
[Result "0-1"]
[WhiteElo "1444"]
[BlackElo "1497"]
[Opening "Sicilian: closed, 6.Be3"]
[ECO "B26"]
[Time "20:03:26"]
[TimeControl "2700+45"]

1. e4 c5 2. Nc3 Nc6 3. g3 g6 4. Bg2 Bg7 5. d3 d6 6. Be3 e6 7. Qd2 Nge7 8. f4 b6
9. Nf3 Rb8 10. O-O Bb7 11. Rad1 O-O 12. d4 Re8 13. d5 exd5 14. Nxd5 Nxd5 15.
exd5 Ne7 16. c4 Nf5 17. Bf2 Ba6 18. b3 b5 19. Qd3 bxc4 20. bxc4 Rb4 21. Rc1 Ra4
22. Rfd1 Rxa2 23. Rc2 Rxc2 24. Qxc2 Ne3 25. Bxe3 Rxe3 26. Rb1 Ra3 27. Rb3 Ra1+
28. Bf1 Qc8 29. Nh4 h5 30. Kg2 Qd7 31. Nf3 Bc8 32. Ng5 Bf6 33. Bd3 Bxg5 34. fxg5
Qh3+ 35. Kf3 Qg4+ 36. Kg2 Qd4 37. Kf3 Bg4+ {White resigns} 0-1

[Event "Team 45 45 League T49"]
[Site "Internet Chess Club"]
[Date "2011.06.03"]
[Round "4"]
[White "Portola"]
[Black "Packerfan"]
[Result "0-1"]
[WhiteElo "1753"]
[BlackElo "1792"]
[Opening "King's Indian: London system"]
[ECO "A48"]
[Time "15:00:30"]
[TimeControl "2700+45"]

1. d4 Nf6 2. Nf3 g6 3. Bf4 Bg7 4. h3 O-O 5. e3 d6 6. Bc4 Nbd7 7. Nbd2 b6 8. c3
Bb7 9. Qc2 c5 10. O-O Nd5 11. Bg5 cxd4 12. exd4 N7f6 13. Rfe1 Qc7 14. a3 a6 15.
Re2 b5 16. Bd3 h6 17. Be3 Nxe3 18. Rxe3 Rfe8 19. Rae1 Nd5 20. Re4 Nb6 21. R4e2
Rac8 22. Ne4 e6 23. Nfd2 Qc6 24. Nf3 Nd5 25. Qd2 g5 26. Nfxg5 hxg5 27. Qxg5 f5
28. f3 fxe4 29. Bxe4 Qd7 30. Bg6 Nf6 31. h4 Kf8 32. h5 Bh8 33. h6 Re7 34. Qf4
Rc7 35. g4 e5 36. Qg5 Bxf3 37. Rf2 Qxg4+ 38. Qxg4 Bxg4 39. Ref1 Be6 40. Rxf6+
Bxf6 41. Rxf6+ Bf7 42. h7 Kg7 43. Rxd6 Bxg6 44. Rxg6+ Kxh7 45. Rxa6 exd4 46.
cxd4 Re2 47. b4 Rc1# {White checkmated} 0-1

[Event "Team 45 45 League T49"]
[Site "Internet Chess Club"]
[Date "2011.06.06"]
[Round "4"]
[White "otherook"]
[Black "rubo"]
[Result "1/2-1/2"]
[WhiteElo "1769"]
[BlackElo "1757"]
[Opening "English: symmetrical, main line with d4"]
[ECO "A39"]
[Time "17:00:19"]
[TimeControl "2700+45"]

1. c4 c5 2. g3 Nf6 3. Bg2 g6 4. Nc3 Bg7 5. Nf3 Nc6 6. O-O O-O 7. d4 cxd4 8. Nxd4
d6 9. e3 Bd7 10. b3 a6 11. Bb2 Rb8 12. Nd5 Re8 13. Nxc6 Bxc6 14. Nxf6+ Bxf6 15.
Bxf6 exf6 16. Qd2 Bxg2 17. Kxg2 Re6 18. Rfd1 Qc7 19. Rac1 b6 20. Rc3 f5 21. Rd3
Rd8 22. Rd5 Qc6 23. Kg1 Rd7 24. h4 h5 25. Qd3 Kf8 26. Rd2 Ke7 27. b4 Rc7 28. c5
bxc5 29. Rxc5 Qb6 30. Rxc7+ Qxc7 31. Rc2 Qb7 32. Qc4 Kd7 33. a4 d5 34. Rd2 Rd6
35. Qc5 Qc6 36. Rc2 Qxa4 37. Qc8+ Ke7 38. Rc7+ Kf6 39. Qh8+ Ke6 40. Qc8+ Kf6 41.
Qh8+ Ke6 42. Qc8+ Kf6 {Game drawn by repetition} 1/2-1/2

[Event "Team 45 45 League T49"]
[Site "Internet Chess Club"]
[Date "2011.06.05"]
[Round "4"]
[White "g8wrb"]
[Black "mongmong"]
[Result "0-1"]
[WhiteElo "1368"]
[BlackElo "1634"]
[Opening "French: Winawer, advance, 6...Ne7"]
[ECO "C18"]
[Time "13:01:17"]
[TimeControl "2700+45"]

1. e4 e6 2. d4 d5 3. Nc3 Bb4 4. e5 Ne7 5. a3 Bxc3+ 6. bxc3 c5 7. Bd3 c4 8. Be2
Qa5 9. Bd2 Bd7 10. Nf3 Ba4 11. O-O Nd7 12. Qb1 Qb6 13. Rc1 Qxb1 14. Raxb1 O-O-O
15. Rb4 Nb6 16. Ne1 Rdf8 17. Bg5 Nc6 18. Rb2 h6 19. Be3 Ne7 20. Bg4 Bc6 21. Bd2
Na4 22. Rb4 a5 23. Rbb1 Rfg8 24. Nf3 g5 25. Bh5 Ng6 26. Kf1 Rf8 27. h3 Nf4 28.
Bg4 h5 29. Bxe6+ Nxe6 30. Nxg5 Nxg5 31. Bxg5 Nxc3 32. Rb2 Re8 33. Bd2 Na4 34.
Rbb1 b6 35. g3 Rhg8 36. Re1 Bd7 37. Kg2 Bf5 38. Rec1 Kd7 39. Ra1 Kc6 40. c3 b5
41. f3 Nb2 42. Rf1 Bd3 43. Rf2 Na4 44. Re1 Nb6 45. f4 Bf5 46. Rh1 Be4+ {White
resigns} 0-1

[Event "Team 45 45 League T49"]
[Site "Internet Chess Club"]
[Date "2011.06.04"]
[Round "4"]
[White "seattleblues"]
[Black "AtomicDog"]
[Result "0-1"]
[WhiteElo "1476"]
[BlackElo "1446"]
[Opening "Sicilian: Alapin's variation (2.c3)"]
[ECO "B22"]
[Time "07:05:52"]
[TimeControl "2700+45"]

1. e4 c5 2. c3 Nf6 3. e5 Nd5 4. d4 cxd4 5. Nf3 Nc6 6. cxd4 b6 7. Bc4 e6 8. O-O
Bb7 9. Nc3 Nxc3 10. bxc3 d6 11. Ba3 Be7 12. exd6 Bxd6 13. Bxd6 Qxd6 14. d5 exd5
15. Re1+ Ne7 16. Bb5+ Bc6 17. Bxc6+ Qxc6 18. Qd4 f6 19. Nh4 Kf7 20. Rad1 Rad8
21. Qb4 Qc5 22. Nf3 Qxb4 23. cxb4 Rhe8 24. Nd4 Rd6 25. Nb5 Rd7 26. Rd2 Nc6 27.
Rxe8 Kxe8 28. f3 Nxb4 29. Nd4 Kf7 30. a3 Na6 31. Nb5 Nc5 32. Nc3 d4 33. Nd1 d3
34. Nb2 Rd4 35. Kf2 Nb3 36. Rxd3 Rxd3 37. Nxd3 Ke6 38. Ke3 Nc5 39. Nb4 Kd6 40.
Kd4 a5 41. Nd5 Kc6 42. Ne7+ Kb5 43. Nd5 Nb3+ 44. Kc3 Nc5 45. Kd4 Na4 46. Nc7+
Kc6 47. Nd5 b5 48. Ne7+ Kd6 49. Nd5 Nc5 50. Nc7 Kc6 51. Nd5 Ne6+ 52. Ke4 Kc5 53.
Nc3 Nd4 54. Kd3 f5 55. f4 Nc6 56. Na2 b4 57. axb4+ axb4 58. Nxb4 Nxb4+ 59. Ke2
Nd5 60. g3 g6 61. Kf3 Kd4 62. g4 fxg4+ 63. Kxg4 Ke4 64. Kg5 Nxf4 65. Kh6 Kf5 66.
Kxh7 Kg4 67. Kh6 g5 {White resigns} 0-1

[Event "Team 45 45 League T49"]
[Site "Internet Chess Club"]
[Date "2011.06.07"]
[Round "4"]
[White "imawesome"]
[Black "kidviper"]
[Result "1/2-1/2"]
[WhiteElo "1728"]
[BlackElo "1926"]
[Opening "Sicilian: Alapin's variation (2.c3)"]
[ECO "B22"]
[Time "09:06:47"]
[TimeControl "2700+45"]

1. e4 c5 2. c3 Nf6 3. e5 Nd5 4. d4 cxd4 5. Nf3 e6 6. cxd4 Nc6 7. Nc3 d6 8. exd6
Bxd6 9. Bc4 Bb4 10. Qd3 Nb6 11. Bb3 Nd7 12. Bc2 Nf6 13. O-O Be7 14. Re1 Nb4 15.
Qd1 Nxc2 16. Qxc2 O-O 17. Ne5 Qxd4 18. Nf3 Qd8 19. Bf4 Bd7 20. Ne5 Qc8 21. Rac1
Bc6 22. Qe2 Qe8 23. Nxc6 Qxc6 24. Nb5 Qa6 25. b3 Nd5 26. Be5 Rac8 27. a4 Bf6 28.
Bxf6 Nxf6 29. Qe3 b6 30. Rxc8 Rxc8 31. Rd1 h6 32. Qf3 Nd5 33. Nd6 Rc7 34. Qg4
Nf6 35. Qf3 Rd7 36. g3 Nd5 37. Nc4 Qb7 38. h4 Nf6 39. Qxb7 Rxb7 40. Kg2 Kf8 41.
Kf3 Rd7 42. Rxd7 Nxd7 43. b4 Ke7 44. Ke4 f5+ 45. Kd4 g5 46. hxg5 hxg5 47. f3 g4
48. fxg4 fxg4 49. Ne5 {Game drawn by mutual agreement} 1/2-1/2

[Event "Team 45 45 League T49"]
[Site "Internet Chess Club"]
[Date "2011.06.06"]
[Round "4"]
[White "Achelous"]
[Black "rook9999"]
[Result "1-0"]
[WhiteElo "1711"]
[BlackElo "1715"]
[Opening "Sicilian defense"]
[ECO "B30"]
[Time "20:00:28"]
[TimeControl "2700+45"]

1. e4 c5 2. Nf3 Nc6 3. c3 d5 4. e5 Bg4 5. Bb5 Qc7 6. d4 e6 7. O-O Ne7 8. h3 Bxf3
9. Qxf3 Nf5 10. Bd2 cxd4 11. g4 dxc3 12. Nxc3 Nd4 13. Qd3 Qxe5 14. f4 Qc7 15.
Qxd4 a6 16. Bxc6+ Qxc6 17. Qa4 Bc5+ 18. Kh2 b5 19. Qd1 d4 20. Ne2 Qe4 21. Rc1
Bb6 22. Ng3 Qd5 23. Qc2 O-O 24. Qc6 Qxc6 25. Rxc6 Rab8 26. Rfc1 Rfd8 27. Ne4 h6
28. b4 d3 29. Nc5 Bxc5 30. R1xc5 g6 31. Kg3 Kf8 32. Kf3 Ra8 33. Ke3 Ke7 34. Rc7+
Ke8 35. f5 exf5 36. gxf5 Rd6 37. fxg6 Rxg6 38. Rh5 Rd8 39. Ke4 Rg2 40. Rxh6 Kf8
41. Rh8+ Rg8 42. Bh6+ {Black resigns} 1-0

[Event "Team 45 45 League T49"]
[Site "Internet Chess Club"]
[Date "2011.06.06"]
[Round "4"]
[White "zigzag2002"]
[Black "BaumDeezy"]
[Result "0-1"]
[WhiteElo "1742"]
[BlackElo "1541"]
[Opening "Caro-Kann: Panov-Botvinnik attack"]
[ECO "B13"]
[Time "20:00:36"]
[TimeControl "2700+45"]

1. e4 c6 2. d4 d5 3. exd5 cxd5 4. c4 Nf6 5. Nc3 Nc6 6. Bf4 dxc4 7. d5 Na5 8.
Bxc4 Nxc4 9. Qa4+ Bd7 10. Qxc4 Qa5 11. Nf3 Rc8 12. Qd3 {White disconnected and
forfeits} 0-1